 Dungeon Crawl Stone Soup version 0.31-a0-963-ga325b2283a (webtiles) character file.

Game seed: 16657527539408965672

1523 croobank the Tainter (level 8, -6/55 HPs)
             Began as an Octopode Monk on Oct 24, 2023.
             Engulfed by a cloud of flame (15 damage)
             ... on level 6 of the Dungeon.
             The game lasted 00:15:04 (5063 turns).

croobank the Tainter (Octopode Monk)                Turns: 5063, Time: 00:15:05

Health: -6/55      AC:  3    Str: 10    XL:     8   Next: 84%
Magic:  9/27       EV: 15    Int: 14    God:
Gold:   288        SH:  0    Dex: 15    Spells: 13/21 levels left

rFire   x . .        a - +1 short sword
rCold   . . .        c - orb {light}
rNeg    . . .        n - +0 hat {Will+}
rPois   .            (no amulet)
rElec   .            m - ring of resist corrosion
rCorr   +            o - ring of magical power
SInv    .            (no ring)
Will    +....        (no ring)
Stlth   +            (no ring)
HPRegen 0.29/turn    (no ring)
MPRegen 0.20/turn    (no ring)
                     (no ring)

%: no passive effects
@: glowing
A: almost no armour, amphibious, 8 rings, camouflage 1, gelatinous body 1,
(nimble swimmer 1), tentacles, iridescent scales 1, heat vulnerability 1
a: no special abilities


You were on level 6 of the Dungeon.
You visited 2 branches of the dungeon, and saw 7 of its levels.
You also visited: Sewer.

You collected 288 gold pieces.

Inventory:

Hand Weapons
 a - a +1 short sword (weapon)
 g - a +1 whip of venom
 j - a +0 trident
 p - a +0 rapier
 v - a +0 falchion
Armour
 c - an orb of light (worn)
 n - a +0 hat of willpower (worn)
Jewellery
 m - a ring of resist corrosion (left tentacle)
 o - a ring of magical power (right tentacle)
Scrolls
 d - 3 scrolls of teleportation
 h - a scroll of identify
Potions
 i - a potion of enlightenment
 l - 2 potions of lignification
 q - a potion of invisibility


   Skills:
 + Level 5.1 Fighting
 + Level 5.0 Short Blades
 + Level 5.0 Dodging
 - Level 7.2 Spellcasting
 * Level 4.2 Ice Magic
 - Level 9.5 Poison Magic


You had 13 spell levels left.
You knew the following spells:

 Your Spells              Type           Power      Damage    Failure   Level
a - Poisonous Vapours     Pois/Air       36%        N/A       3%          2
b - Olgreb's Toxic Radia  Pois           31%        N/A       2%          4
c - Blink                 Tloc           10%        N/A       22%         2

Your spell library contained the following spells:

 Spells                   Type           Power      Damage    Failure   Level
 Sting                    Tmut/Pois      72%        1d6       1%          1
 Cigotuvi's Dreadful Rot  Necr/Pois/Air  26%        N/A       6%          2
 Frozen Ramparts          Ice            34%        1d6       7%          3
 Dazzling Flash           Conj/Hex       10%        N/A       38%         3
 Volatile Blastmotes      Fire/Tloc      10%        2d10      38%         3
 Brom's Barrelling Bould  Conj/Erth      5%         2d3       80%         4
 Dispel Undead            Necr           5%         3d7       80%         4
 Fulminant Prism          Conj/Hex       2%         3d5       80%         4
 Iskenderun's Mystic Bla  Conj/Tloc      5%         2d3       80%         4
 Manifold Assault         Tloc           5%         N/A       80%         4
 Petrify                  Tmut/Erth      5%         N/A       80%         4
 Vhi's Electric Charge    Tloc/Air       10%        N/A       80%         4
 Metabolic Englaciation   Hex/Ice        5%         N/A       85%         5
 Arcjolt                  Conj/Air       2%         1d12      98%         5
 Death Channel            Necr           2%         N/A       100%        6
 Plasma Beam              Fire/Air       2%         2x1d12    100%        6
 Starburst                Conj/Fire      2%         6d3       100%        6
 Maxwell's Capacitive Co  Air            2%         ∞         100%        8


Dungeon Overview and Level Annotations

Branches:
Dungeon (6/15)             Temple (1/1) D:4           Sewer (visited)

Altars:
Cheibriados
Dithmenos
Elyvilon
Gozag
Hepliaklqana
Kikubaaqudgha
Makhleb
Nemelex Xobeh
Qazlal
Ru
Sif Muna
Trog
Uskayaw
Vehumet
Wu Jian
Xom
Yredelemnul

Shops:
D:2 [

Annotations:
D:5 2 transporters, Xavori's ghost, novice DjCK


Innate Abilities, Weirdness & Mutations

You cannot wear most types of armour.
You are amphibious.
You can wear up to eight rings at the same time.
Your skin changes colour to match your surroundings (Stealth+).
Your rubbery body absorbs attacks. (AC +1, EV +1)
((You are camouflaged when in or above water. (Stealth+)))
You have tentacles for arms and can constrict up to eight enemies at once.
You are partially covered in iridescent scales. (AC +2)
You are vulnerable to heat. (rF-)


Message History

You kill Pikel!
With Pikel's spell broken, his former minions thank you for their freedom.
The lemure departs this earthly plane. x2
Your Fighting skill increases to level 5!
Your Short Blades skill increases to level 5!
Your Dodging skill increases to level 5!
Your Ice Magic skill increases to level 4!
As you read the scroll of immolation, it crumbles to dust.
The creatures around you are filled with an inner flame!
As you read the scroll of fog, it dissolves into smoke.
You see here a +0 ring mail.
Grinder grins, showing sharp teeth.
Throw: 3 javelins
Press: ? - help, Q - select action, (/) - cycle Shift-Dir - straight line, f - Grinder
Aim: Grinder (inner flame, 53% to hit)
You throw a javelin. The javelin closely misses Grinder.
Grinder gestures at you. You resist with some effort.
Throw: 2 javelins
Press: ? - help, Q - select action, (/) - cycle Shift-Dir - straight line, f/p - Grinder
Aim: Grinder (inner flame, 53% to hit)
You throw a javelin. The javelin pierces through Grinder!
Flame seeps out of Grinder.
Grinder is lightly wounded.
Grinder is engulfed in blazing flames.
Flame seeps out of Grinder.
Throw: javelin
Press: ? - help, Q - select action, (/) - cycle Shift-Dir - straight line, f/p - Grinder
Aim: Grinder (heavily wounded, inner flame, haloed, 73% to hit)
You throw a javelin. The javelin pierces through Grinder.
Flame seeps out of Grinder.
Grinder is severely wounded.
Grinder is engulfed in blazing flames.
Flame seeps out of Grinder.
You hit Grinder.
Flame seeps out of Grinder.
You grab Grinder. You squeeze Grinder!
Grinder explodes!
The fiery explosion engulfs you!!! The fire burns you terribly!
Ouch! That really hurt!
* * * LOW HITPOINT WARNING * * *
You are engulfed in blazing flames.
You die...

#...##.# #.# ######.# #.# #.#
#.# #.# ( #.# ##.#
..######### #.# #...
..........##### #.# #..#
...........§§§###.# ###..#
##..(...°§○@....#######....#
#...(.[#.§§§..............##
.....##.###.#.###########.###
######.## ##..# #.# #...5##
##.# #.# #.###.## ##.## ..#
#.# ##.###.## .## #.# #..#.##
#. #.# #.#.## #.


There were no monsters in sight!

Vanquished Creatures
  Pikel (D:6)
  Grinder (D:6)
  Eustachio (D:5)
  A water moccasin (Sewer)
  A black bear (D:6)
  An ice beast (D:6)
  A centaur (D:6)
  2 lemures (D:6)
  A scorpion (D:5)
  A howler monkey (D:6)
  A jelly (D:5)
  A hound (D:5)
  A sleepcap (D:5)
  2 iguanas
  4 gnolls (D:3)
  9 adders
  2 white imps (D:5)
  2 ufetubi (D:5)
  4 worms
  A dart slug (D:1)
  13 orcs
  7 ball pythons
  12 endoplasms
  2 giant cockroaches
  5 goblins
  5 hobgoblins
  6 jackals
  8 quokkas
  8 bats
  3 frilled lizards
  7 kobolds
  4 rats
118 creatures vanquished.

Notes
Turn   | Place    | Note
-------+----------+-------------------------------------------
     0 | D:1      | croobank the Octopode Monk began the quest for the Orb.
     0 | D:1      | Reached XP level 1. HP: 16/16 MP: 1/1
   133 | D:1      | Reached XP level 2. HP: 21/21 MP: 2/2
   221 | D:1      | Got Sif Muna's Codex of Quicksand and the Vector
   288 | D:1      | Found a faded altar of an unknown god.
   473 | D:1      | Reached XP level 3. HP: 26/26 MP: 3/3
   940 | D:2      | Found Hori's Armour Emporium.
   965 | D:2      | Reached XP level 4. HP: 33/33 MP: 4/4
  1729 | D:3      | Reached skill level 9 in Poison Magic
  1729 | D:3      | Reached XP level 5. HP: 37/37 MP: 4/14
  1735 | D:3      | Learned a level 4 spell: Olgreb's Toxic Radiance
  1738 | D:3      | Learned a level 2 spell: Poisonous Vapours
  2068 | D:3      | Reached XP level 6. HP: 43/43 MP: 16/16
  2862 | D:4      | Found a shadowy altar of Dithmenos.
  2972 | D:4      | Found a glowing drain.
  2990 | Sewer    | Entered a sewer
  3095 | Sewer    | Noticed a water moccasin
  3104 | Sewer    | Killed a water moccasin
  3105 | Sewer    | Reached skill level 1 in Ice Magic
  3506 | D:4      | Found a staircase to the Ecumenical Temple.
  3610 | Temple   | Entered the Ecumenical Temple
  3626 | D:5      | Entered Level 5 of the Dungeon
  3630 | D:5      | Reached XP level 7. HP: 48/48 MP: 17/17
  4197 | D:5      | Found a transporter.
  4262 | D:5      | Noticed Xavori's ghost (novice DjCK)
  4284 | D:5      | Found a transporter.
  4364 | D:5      | Learned a level 2 spell: Blink
  4527 | D:5      | Noticed Eustachio
  4535 | D:5      | Killed Eustachio
  4718 | D:6      | Identified the "Avelodgh"
  4731 | D:6      | Reached XP level 8. HP: 35/54 MP: 18/18
  4740 | D:6      | HP: 1/81 [ice beast (13)]
  4747 | D:6      | HP: 3/81 [ice beast (11)]
  4749 | D:6      | Gained mutation: You are vulnerable to heat. (rF-) [potion
                  | of mutation]
  4749 | D:6      | Gained mutation: You are partially covered in iridescent
                  | scales. (AC +2) [potion of mutation]
  5027 | D:6      | Noticed Pikel
  5030 | D:6      | Noticed Grinder
  5039 | D:6      | Killed Pikel
  5040 | D:6      | Reached skill level 5 in Fighting
  5040 | D:6      | Reached skill level 5 in Short Blades
  5040 | D:6      | Reached skill level 5 in Dodging
  5063 | D:6      | Killed Grinder
  5063 | D:6      | Engulfed by a cloud of flame

Illustrated notes

Levels and vault maps discovered:
D:1:      grunt_arrival_crossed_arrows, layout_basic,
          shapermc_ecumenical_altar_mp_urbaneastern, hex_tiny
D:2:      layout_basic, serial_shops, nicolae_shop_tiny_real_fake_doors,
          nicolae_eternal_life
D:3:      kennysheep_six_static_rooms, layout_basic
D:4:      layout_cave_pools, kennysheep_little_box,
          minmay_temple_entry_metal_lava, portal_sewer_entry_f,
          nicolae_tricolors
D:5:      layout_rooms, gammafunk_ghost_hive, bh_walls_and_bars, uniq_eustachio
D:6:      layout_loops_ring, mainiacjoe_overflow_alcove_2,
          ebering_ghost_inner_flame, water_maze_lemuel, uniq_pikel, uniq_grinder
Temple:   nicolae_temple_superstar

Skill      XL: |  1  2  3  4  5  6  7  8 |
---------------+-------------------------+-----
Spellcasting   | 7 |  7.2
Poison Magic   | 9 |  9.5
Fighting       | 4 5 |  5.1
Dodging        | 4 5 |  5.0
Short Blades   | 4 5 |  5.0
Ice Magic      | 1 2 4 |  4.2

Action                     |  1- 3 |  4- 6 |  7- 9 || total
---------------------------+-------+-------+-------++-------
  Melee: Short sword       |    69 |    74 |    90 ||   233
         Constrict         |    18 |    19 |    14 ||    51
         Tentacles         |    14 |    20 |    23 ||    57
         Punch             |       |       |     1 ||     1
  Throw: Javelin           |       |     2 |     6 ||     8
   Cast: Poisonous Vapours |       |    21 |    16 ||    37
         Olgreb's Toxic Ra |       |    15 |    13 ||    28
    Use: Scroll            |       |    14 |     4 ||    18
         Potion            |       |     1 |     5 ||     6
   Stab: Sleeping          |     1 |     2 |       ||     3
 Armour: Skin              |    18 |    23 |    56 ||    97
  Dodge: Dodged            |    38 |    45 |    36 ||   119

Table legend: (Time is in decaauts)
 A = Elapsed time spent in this place.
 B = Non-inter-level travel time spent in this place.
 C = Inter-level travel time spent in this place.
 D = Time resting spent in this place.
 E = Time spent auto-exploring this place.
 F = Levels seen in this place.
 G = Mean time per level.
                   A        B        C        D        E       F      G
               +--------+--------+--------+--------+--------+-----+--------+
         Total |   5002 |   4878 |    124 |    631 |   3429 |   8 |  625.2 |
       Dungeon |   4735 |   4614 |    121 |    558 |   3296 |   6 |  789.2 |
        Temple |      3 |      1 |      2 |      0 |      0 |   1 |    3.0 |
         Sewer |    263 |    263 |      0 |     73 |    133 |   1 |  263.0 |
               +--------+--------+--------+--------+--------+-----+--------+

Top non-repeatable levels by time:
     D:3: 1206 daAuts
     D:5: 1084 daAuts
     D:4: 735 daAuts
     D:2: 727 daAuts
     D:1: 662 daAuts
     D:6: 318 daAuts
   Sewer: 263 daAuts
  Temple: 3 daAuts
